 Dungeon Crawl Stone Soup version 0.27.1-2-g3b301248ec (webtiles) character file.

Game seed: 8994576702299870561

44 H0rd4k the Insei (level 3, 0/23 HPs)
             Began as an Octopode Transmuter on Sept 23, 2021.
             Succumbed to an adder's poison
             ... on level 2 of the Dungeon.
             The game lasted 00:01:46 (1608 turns).

H0rd4k the Insei (Octopode Transmuter)              Turns: 1608, Time: 00:01:47

Health: 0/23       AC:  1    Str:  9    XL:     3   Next: 62%
Magic:  5/6        EV: 13    Int: 16    God:
Gold:   47         SH:  0    Dex: 12    Spells: 2/6 levels left

rFire    . . .     SeeInvis .     - Unarmed
rCold    . . .     Faith    .   (no shield)
rNeg     . . .     Spirit   .   (helmet currently unavailable)
rPois    .         Reflect  .   (no amulet)
rElec    .         Harm     .   (no ring)
rCorr    .         Rampage  .   (no ring)
Will     .....                  (no ring)
Stlth    +++.......             (no ring)
HPRegen  0.07/turn              (no ring)
MPRegen  0.10/turn              (no ring)
                                (no ring)
                                (no ring)

@: lethally poisoned (0 -> -5), appendages (expiring), attractive
A: tentacle spike 3, almost no armour, amphibious, 8 rings, camouflage 1,
gelatinous body 1, (nimble swimmer 1), tentacles
a: End Transformation


You were on level 2 of the Dungeon.
One of your tentacles had grown a beastly spike.
You visited 1 branch of the dungeon, and saw 2 of its levels.

You collected 47 gold pieces.

Inventory:

Missiles
 b - a throwing net
Scrolls
 c - a scroll of identify {unknown}
Potions
 d - a potion of brilliance {unknown}
 e - a potion of resistance {unknown}


   Skills:
 + Level 1.0 Fighting
 + Level 2.5 Dodging
 + Level 1.8 Stealth
 + Level 3.8 Unarmed Combat
 * Level 2.1 Spellcasting
 * Level 2.0 Transmutations


You had 2 spell levels left.
You knew the following spells:

 Your Spells              Type           Power      Damage    Failure   Level
a - Beastly Appendage     Tmut           16%        N/A       9%          1
b - Spider Form           Tmut/Pois      2%         N/A       38%         3

Your spell library contained the following spells:

 Spells                   Type           Power      Damage    Failure   Level
 Wereblood                Tmut           8%         N/A       13%         2
 Ice Form                 Ice/Tmut       4%         N/A       80%         4


Dungeon Overview and Level Annotations

Branches:
Dungeon (2/15)

Altars:

Shops:
D:2 *

Annotations:
D:1 exclusion: downstairs
D:2 exclusion: adder, Sigmund


Innate Abilities, Weirdness & Mutations

One of your tentacles has grown a beastly spike.
You cannot wear most types of armour.
You are amphibious.
You can wear up to eight rings at the same time.
Your skin changes colour to match your surroundings (Stealth+).
Your rubbery body absorbs attacks. (AC +1, EV +1)
((You are camouflaged near water. (Stealth+)))
You have tentacles for arms and can constrict up to eight enemies at once.


Message History

You see here a +0 whip.
Found 13 bolts.
You see here 13 bolts.
Found a club and a hunting sling.
A bat and a hobgoblin come into view.
Found a viscous ruby potion.
Okay, then.
Found a leather armour.
The adder hisses angrily.
The hobgoblin shouts!
The bat closely misses you. The bat hits you.
Cast which spell? (? or * to list) One of your tentacles grows a vicious spike.
The bat closely misses you. The bat barely misses you. The adder bites you.
You are poisoned.
The adder poisons you! The adder bites you. The bat barely misses you.
You tentacle-slap the adder. You grab the adder.
The adder is lightly wounded.
You constrict the adder.
You feel sick. The bat hits you. The adder bites you.
You barely miss the adder. You squeeze the adder.
The adder is heavily wounded.
Your transformation is almost over.
You constrict the adder.
You feel sick. The bat barely misses you. The adder bites you.
You are lethally poisoned!
The adder poisons you!
You barely miss the adder.
You pierce the adder, but do no damage.
The adder is heavily wounded.
You constrict the adder.
* * * LOW HITPOINT WARNING * * *
You feel sick. The bat hits you.
* * * LOW HITPOINT WARNING * * *
The adder bites you.
* * * LOW HITPOINT WARNING * * *
It was a potion of attraction.
You feel attractive to monsters.
You constrict the adder.
You die...

#...<.+
....^.......##.....#
[......!...##.....##
...............†..#
.....)...#####...#
........# #...###
.gb....#####....#.
#S)...##...#....##
#@# ####(#.#.#...#
#.# #....#..).....
#.###.#########...
#.....# #### #######


You could see an adder, a hobgoblin and a bat.

Vanquished Creatures
  An adder (D:2)
  2 dart slugs (D:1)
  3 endoplasms (D:1)
  A giant cockroach (D:1)
  3 goblins
  2 hobgoblins (D:1)
  4 jackals (D:1)
  3 ball pythons
  4 bats (D:1)
  3 frilled lizards (D:1)
  2 kobolds (D:1)
  2 rats (D:1)
30 creatures vanquished.

Vanquished Creatures (others)
  5 plants (D:2)
5 creatures vanquished.

Grand Total: 35 creatures vanquished

Notes
Turn   | Place    | Note
-------+----------+-------------------------------------------
     0 | D:1      | H0rd4k the Octopode Transmuter began the quest for the Orb.
     0 | D:1      | Reached XP level 1. HP: 13/13 MP: 3/3
    54 | D:1      | Reached XP level 2. HP: 7/18 MP: 5/5
   833 | D:1      | Reached XP level 3. HP: 23/23 MP: 6/6
   837 | D:1      | Learned a level 3 spell: Spider Form
  1390 | D:2      | Found Doqeko Heef's Assorted Antiques.
  1464 | D:2      | Reached skill level 1 in Stealth
  1556 | D:2      | Noticed Sigmund
  1607 | D:2      | HP: 1/23 [adder (3)]
  1608 | D:2      | Succumbed to an adder's poison

Illustrated notes

Levels and vault maps discovered:
D:1:      ebering_trefoil_twist, layout_basic, corexii_leaking_fountain,
          nrook_loot_triangle
D:2:      layout_basic, shapermc_ecumenical_altar_mp_ritualfount, serial_shops,
          shop_coins, minmay_divided_ellipse, uniq_crazy_yiuf_cottage,
          uniq_sigmund

Skill      XL: |  1  2  3 |
---------------+----------+-----
Stealth        | 1 |  1.8
Fighting       | |  1.0
Dodging        | |  2.5
Unarmed Combat | |  3.8
Spellcasting   | |  2.1
Transmutations | |  2.0

Action                   || total
-------------------------++-------
Melee: Unarmed           ||    77
       Constrict         ||    17
       Tentacles         ||     7
       Kick              ||     1
 Cast: Beastly Appendage ||     1
  Use: Potion            ||     1
 Stab: Sleeping          ||    10
Armor: Skin              ||    12
Dodge: Dodged            ||    55
